 Dungeon Crawl Stone Soup version 0.13.0-59-g13bd910 (webtiles) character file.

91 Lilouch the Firebug (level 2, -2/19 HPs)
             Began as a Mummy Fire Elementalist on Nov 22, 2013.
             Slain by an adder (5 damage)
             ... on Level 2 of the Dungeon.
             The game lasted 00:03:40 (1406 turns).

Lilouch the Firebug (Mummy Fire Elementalist)       Turns: 1406, Time: 00:03:40

HP  -2/19        AC  2     Str 11      XL: 2   Next: 62%
MP   1/4         EV 12     Int 14      God:
Gold 70          SH  0     Dex 12      Spells:  1 memorised,  3 levels left

Res.Fire  : x . .   See Invis. : .   d - -1,+1 orc dagger
Res.Cold  : + . .   Warding    : .   a - +0 robe
Life Prot.: + + +   Conserve   : .   (no shield)
Res.Poison: +       Res.Corr.  : .   (no helmet)
Res.Elec. : .       Clarity    : .   (no cloak)
Sust.Abil.: . .     Spirit.Shd : .   (no gloves)
Res.Mut.  : .       Stasis     : .   (no boots)
Res.Rott. : +       Flight     : .   (no amulet)
Saprovore : . . .                    (no ring)
                                     (no ring)

@: very slightly contaminated, slightly resistant to hostile enchantments,
unstealthy
A: no food or potions, fire vulnerability, restore body, cold resistance 1, life
protection 3, poison resistance, torment resistance, unbreathing
a: no special abilities


You were on level 2 of the Dungeon.
You were not hungry.

You visited 1 branch of the dungeon, and saw 2 of its levels.

You collected 50 gold pieces.

Inventory:

Hand weapons
 d - a -1,+1 orcish dagger (weapon)
 g - a +0,+0 spear
 l - a +1,+0 elven dagger
 m - a +0,+1 orcish club
Missiles
 c - 2 throwing nets (quivered)
 e - 21 stones
 f - 11 poisoned needles
 s - 5 poisoned darts
Armour
 a - a +0 robe (worn)
Scrolls
 h - a scroll of fear {unknown}
 i - a scroll of curse armour {unknown}
 j - a scroll of random uselessness {unknown}
 k - a scroll of amnesia {unknown}
 n - a scroll of recharging {unknown}
 o - a scroll of remove curse {unknown}
 p - a scroll of magic mapping {unknown}
 q - a scroll of identify {unknown}
 r - a scroll of enchant armour {unknown}
Books
 b - a book of Flames

   Spells                             Type                      Level
   *Flame Tongue                      Conjuration/Fire             1
   Throw Flame                        Conjuration/Fire             2
   Conjure Flame                      Conjuration/Fire             3
   Inner Flame                        Hexes/Fire                   3
   Sticky Flame                       Conjuration/Fire             4
   Fireball                           Conjuration/Fire             5


   Skills:
 - Level 1.5 Dodging
 - Level 1.5 Stealth
 * Level 1.8 Spellcasting
 + Level 1.0 Conjurations
 + Level 2.7 Fire Magic


You had 3 spell levels left.
You knew the following spells:

 Your Spells              Type           Power        Failure   Level  Hunger
a - Flame Tongue          Conj/Fire      #....        14%         1    N/A

Dungeon Overview and Level Annotations

Branches:
Dungeon (2/27)

Altars:


Innate Abilities, Weirdness & Mutations

You do not eat or drink.
Your flesh is vulnerable to fire.
Your flesh is cold resistant.
You are immune to negative energy.
Your system is resistant to poisons.
You are immune to unholy pain and torment.
You can survive without breathing.


Message History

You barely miss the adder.
The adder is severely wounded.
The adder completely misses you.
You closely miss the adder.
The adder is severely wounded.
The adder barely misses you.
You hit the adder.
The adder is severely wounded.
The adder bites you.
You closely miss the adder.
The adder is severely wounded.
The adder barely misses you.
You barely miss the adder.
The adder is severely wounded.
The adder bites you.
* * * LOW HITPOINT WARNING * * *
You closely miss the adder.
The adder is severely wounded.
The adder bites you.
You die...

#.# #....# #.#
#.##.###....# #.#
............####.########
#.##.####....%...........
# #.# #...####.########
#.# #...# #.# #.# #...#
#.# #.# ########.########
... ........@S....... #.#
########.#....### .
#.#....# #.# ...# #.#
...# #.# ..# #(# . #..
...


You could see an adder.

Vanquished Creatures
  5 goblins (D:1)
  5 hobgoblins
  5 bats
  2 giant newts (D:1)
  2 kobolds (D:1)
  2 rats (D:1)
21 creatures vanquished.

Notes
Turn   | Place    | Note
--------------------------------------------------------------
     0 | D:1      | Lilouch, the Mummy Fire Elementalist, began the quest for the Orb.
     0 | D:1      | Reached XP level 1. HP: 13/13 MP: 3/3
   521 | D:1      | Reached XP level 2. HP: 19/19 MP: 1/4
  1343 | D:2      | Reached skill level 1 in Conjurations
  1406 | D:2      | Slain by an adder

Action                   || total
-------------------------++-------
Melee: Dagger            ||    55
 Cast: Flame Tongue      ||    22
